 Dungeon Crawl Stone Soup version 0.29.0-4-gdea44cf6ec (webtiles) character file.

Game seed: 10507791138320589719

69 qw the Chopper (level 4, 0/26 HPs)
             Began as a Tengu Warper on Aug 28, 2022.
             Slain by a gnoll
             ... wielding a +0 whip
              (4 damage)
             ... on level 2 of the Dungeon.
             The game lasted 00:00:09 (1425 turns).

qw the Chopper (Tengu Warper)                       Turns: 1425, Time: 00:00:10

Health: 0/26       AC:  3    Str: 14    XL:     4   Next: 20%
Magic:  8/8        EV: 12    Int: 13    God:
Gold:   25         SH:  0    Dex: 13    Spells: 7/7 levels left

rFire   . . .      SeeInvis .   Y - +0 hand axe
rCold   . . .      Faith    .   (no shield)
rNeg    . . .      Spirit   .   b - +0 leather armour
rPois   .          Reflect  .   (helmet restricted)
rElec   .          Harm     .   (no cloak)
rCorr   .          Rampage  .   (no gloves)
Will    +....                   (boots unavailable)
Stlth   +.........              (no amulet)
HPRegen 0.08/turn               d - ring of willpower
MPRegen 0.11/turn               (no ring)

@: no status effects
A: beak, talons 3
a: no special abilities


You were on level 2 of the Dungeon.
You visited 1 branch of the dungeon, and saw 2 of its levels.

You collected 25 gold pieces.


Innate Abilities, Weirdness & Mutations

You have a beak for a mouth.
You have claws for feet.


   Skills:
 - Level 2.0 Fighting
 + Level 4.8 Axes
 - Level 1.0 Throwing
 - Level 1.1 Armour
 - Level 2.1 Dodging
 - Level 2.0 Spellcasting
 - Level 2.4 Translocations


You had 7 spell levels left.
You didn't know any spells.
Your spell library contained the following spells:

 Spells                   Type           Power      Damage    Failure   Level
 Blink                    Tloc           14%        N/A       19%         2
 Gell's Gravitas          Tloc           7%         N/A       34%         3
 Lesser Beckoning         Tloc           7%         N/A       34%         3
 Teleport Other           Tloc           7%         N/A       34%         3
 Manifold Assault         Tloc           7%         N/A       97%         5

Inventory:

Hand Weapons
 k - a +0 flail
 Y - a +0 hand axe (weapon)
Armour
 b - a +0 leather armour (worn)
Jewellery
 d - a ring of willpower (left hand)
Potions
 e - a potion of heal wounds {unknown}
 f - a potion of curing {unknown}
 h - a potion of ambrosia {unknown}

Dungeon Overview and Level Annotations

Branches:
Dungeon (2/15)

Altars:


Message History

You hit the gnoll. You claw the gnoll.
You kill the gnoll!
A gnoll comes into view. It is wielding a +0 flail.
You have reached level 4!
You feel stronger.
The gnoll shouts!
A gnoll comes into view. It is wielding a +0 club.
The gnoll shouts!
A gnoll comes into view. It is wielding a +0 whip.
You hit the gnoll but do no damage. Your kick misses the gnoll.
You peck the gnoll, but do no damage. The gnoll closely misses you.
You hit the gnoll.
The gnoll is lightly wounded.
The gnoll barely misses you.
You hit the gnoll.
The gnoll is heavily wounded.
You barely miss the gnoll. The gnoll hits you with a +0 club.
The gnoll hits you with a +0 flail!
You hit the gnoll.
The gnoll is severely wounded.
You hit the gnoll. The gnoll hits you with a +0 club.
The gnoll closely misses you.
You hit the gnoll but do no damage.
The gnoll is severely wounded.
You hit the gnoll. The gnoll misses you.
You closely miss the gnoll. Your kick misses the gnoll.
The gnoll is severely wounded.
You barely miss the gnoll. You hit the gnoll. The gnoll closely misses you.
The gnoll hits you with a +0 whip. The gnoll barely misses you.
You hit the gnoll. You claw the gnoll.
You kill the gnoll!
You barely miss the gnoll. You hit the gnoll but do no damage.
The gnoll barely misses you. x2
You hit the gnoll. You peck the gnoll, but do no damage.
The gnoll is severely wounded.
You hit the gnoll. The gnoll hits you with a +0 club.
The gnoll hits you with a +0 whip.
You die...

...####..
......... ...#
##......# #....
......... .....
........###...# #
#.......#...#.#
.#....<........#
#........gg......
###......@)$.....
#..............
#............#.
####....#...##
#....##..# #.!...
...# .....# ..#
###.#.# #.#


You could see 2 gnolls.

Vanquished Creatures
  3 gnolls
  A dart slug (D:1)
  3 ball pythons (D:1)
  2 bats (D:1)
  5 endoplasms (D:1)
  A giant cockroach (D:1)
  8 goblins
  A hobgoblin (D:1)
  2 jackals (D:1)
  3 kobolds (D:1)
  2 quokkas (D:1)
  2 rats (D:1)
33 creatures vanquished.

Notes
Turn   | Place    | Note
-------+----------+-------------------------------------------
     0 | D:1      | qw the Tengu Warper began the quest for the Orb.
     0 | D:1      | Reached XP level 1. HP: 12/12 MP: 4/4
     0 | D:1      | 0 ||| qw: Version: 0.1-a-89-g26bdef1
     0 | D:1      | 0 ||| qw: Game counter: 1203
     0 | D:1      | 0 ||| qw: Always use a shield: true
     0 | D:1      | 0 ||| qw: God list: Okawaru
     0 | D:1      | 0 ||| qw: Allow faded altars: false
     0 | D:1      | 0 ||| qw: Do Orc after D:15 true
     0 | D:1      | 0 ||| qw: Do second Lair branch before Depths: true
     0 | D:1      | 0 ||| qw: Lair rune preference: random
     0 | D:1      | 0 ||| qw: Plans: Normal
     0 | D:1      | 0 ||| PLANNING D:1-11
    63 | D:1      | HP: 2/12 [frozen (5)]
   340 | D:1      | 340 ||| Stepping ~*~*~tactically~*~*~ (stealth).
   363 | D:1      | Reached skill level 3 in Axes
   363 | D:1      | Reached XP level 2. HP: 17/17 MP: 6/6
   363 | D:1      | 363 ||| Stepping ~*~*~tactically~*~*~ (stealth).
   576 | D:1      | 576 ||| Stepping ~*~*~tactically~*~*~ (stealth).
   665 | D:1      | 665 ||| Stepping ~*~*~tactically~*~*~ (stealth).
   749 | D:1      | 749 ||| Stepping ~*~*~tactically~*~*~ (stealth).
   757 | D:1      | 757 ||| Stepping ~*~*~tactically~*~*~ (stealth).
   764 | D:1      | 764 ||| Stepping ~*~*~tactically~*~*~ (stealth).
   767 | D:1      | 767 ||| Stepping ~*~*~tactically~*~*~ (stealth).
   800 | D:1      | 800 ||| Stepping ~*~*~tactically~*~*~ (stealth).
   847 | D:1      | 847 ||| Stepping ~*~*~tactically~*~*~ (hiding).
   859 | D:1      | Reached XP level 3. HP: 14/21 MP: 7/7
  1020 | D:1      | Reached skill level 4 in Axes
  1165 | D:1      | 1165 ||| DROPPING +0 whip.
  1357 | D:1      | 1357 ||| UPGRADING to ring of willpower.
  1358 | D:1      | 1358 ||| DROPPING ring of magical power.
  1359 | D:1      | 1359 ||| READING scroll labelled YWUZUD ERIO.
  1360 | D:1      | 1360 ||| READING scroll labelled FOENEUDO DAZU.
  1361 | D:1      | 1361 ||| DROPPING scroll of blinking.
  1412 | D:2      | Reached XP level 4. HP: 26/26 MP: 8/8
  1425 | D:2      | HP: 4/26 [gnoll/+0 club (4)]
  1425 | D:2      | Slain by a gnoll

Levels and vault maps discovered:
D:1:      minmay_arrival_loop, layout_rooms
D:2:      layout_rooms, hellmonk_ecumenical_altar_prayer_group

Skill      XL: |  1  2  3 |
---------------+----------+-----
Axes           | 3 4 |  4.8
Fighting       | |  2.0
Throwing       | |  1.0
Armour         | |  1.1
Dodging        | |  2.1
Spellcasting   | |  2.0
Translocations | |  2.4

Action                   |  1- 3 |  4- 6 || total
-------------------------+-------+-------++-------
Melee: Hand axe          |    62 |     8 ||    70
       Peck              |    11 |     2 ||    13
       Kick              |    15 |     1 ||    16
Throw: Boomerang         |     7 |       ||     7
  Use: Scroll            |     2 |       ||     2
Armor: Leather armour    |     7 |       ||     7
Dodge: Dodged            |    24 |     8 ||    32

Table legend:
 A = Non-vault XP
 B = Vault XP
 C = Vault XP percentage of total XP
 D = Non-vault monster count
 E = Vault monster count
 F = Vault count percentage of total count
                 A         B        C        D         E       F
            +---------+---------+-------+---------+---------+-------
      Total |      99 |       0 |   0.0 |      33 |       0 |   0.0
            +---------+---------+-------+---------+---------+-------
        D:1 |      67 |       0 |   0.0 |      30 |       0 |   0.0
        D:2 |      32 |       0 |   0.0 |       3 |       0 |   0.0
            +---------+---------+-------+---------+---------+-------
